[Event "Int SVK-ch Open 2020"]
[Site "Drienica"]
[Date "2020.08.10"]
[Round "4.17"]
[White "Kucik, Patrik"]
[Black "Banoci, Jaroslav"]
[Result "0-1"]
[ECO "B00"]
[WhiteElo "1561"]
[BlackElo "1831"]
[Annotator "NA"]
[PlyCount "74"]
[EventDate "2020.08.07"]
[EventType "swiss"]
[EventCountry "SVK"]
[SourceTitle "playchess.com"]
[Source "ChessBase"]
[SourceQuality "1"]
[TimeControl "40/5400+30:1800+30"]

1. e4 d6 2. Nf3 Nf6 3. Nc3 g6 4. Bc4 Bg7 5. d4 O-O 6. O-O Nxe4 7. Nxe4 d5 8. Bxd5 Qxd5 9. Nc3 Qd8 10. h3 {[%emt 0:01:46] B08: Pirc Defence: Classical System.} b6 11. Bf4 {[%emt 0:03:16] [#]} Bb7 $146 ({Predecessor:} 11... Ba6 12. Re1 Nc6 13. Ne2 e6 14. c3 Qe7 15. Ng3 h6 16. d5 g5 17. Bxg5 hxg5 18. dxc6 {0-1 (56) Purev Dorj,T-Grischuk,A Bratislava 1993}) 12. Be3 Nd7 13. Qe2 Nf6 14. Rad1 h6 15. a3 e6 16. Ne5 Kh7 17. Ng4 Nh5 18. Qd2 g5 19. Qe2 Nf4 20. Bxf4 gxf4 21. f3 Bxd4+ ({Better is} 21... Qg5 $15) 22. Kh1 c5 {[%emt 0:01:44] [#]} 23. Nf2 $2 (23. Nb5 $1 $16 {is forced if you want to stay better.}) 23... Qe7 24. Nfe4 f5 25. Nd2 Rg8 26. Nb3 Be3 27. Rde1 Rg6 28. Nd1 Qg5 29. Nxe3 fxe3 30. Rg1 f4 31. Rd1 Rg7 32. Rd6 Bd5 33. c4 Qe5 34. Qd3+ Kh8 35. Rxd5 exd5 36. cxd5 Rd8 37. Rd1 Rd6 $19 0-1

[Event "Int SVK-ch Open 2020"]
[Site "Drienica"]
[Date "2020.08.10"]
[Round "4.18"]
[White "Konyves, Almos"]
[Black "Harvan Tomas"]
[Result "1-0"]
[ECO "E36"]
[WhiteElo "2076"]
[BlackElo "1796"]
[Annotator "ChessBase"]
[PlyCount "49"]
[EventDate "2020.08.07"]
[EventType "swiss"]
[EventCountry "SVK"]
[SourceTitle "playchess.com"]
[Source "ChessBase"]
[SourceQuality "1"]
[TimeControl "40/5400+30:1800+30"]

1. d4 Nf6 2. c4 e6 3. Nc3 Bb4 4. Qc2 d5 5. a3 Bxc3+ 6. Qxc3 O-O 7. Bg5 dxc4 8. Qxc4 Nbd7 9. e3 h6 10. Bh4 Re8 11. Nf3 e5 12. Rd1 g5 13. Nxe5 Qe7 14. Bg3 c5 15. Be2 cxd4 16. Nxd7 Bxd7 17. Qxd4 Bc6 18. O-O Ne4 19. Bd6 Qe6 20. Bc4 Qg6 21. Be5 Re7 22. f3 Rd7 23. Qxd7 Bxd7 24. Rxd7 Nd2 25. Rxd2 1-0

[Event "Int SVK-ch Open 2020"]
[Site "Drienica"]
[Date "2020.08.10"]
[Round "4.18"]
[White "Sosovickova, Jana"]
[Black "Ihnat, Marek"]
[Result "1-0"]
[ECO "C06"]
[WhiteElo "1820"]
[BlackElo "1490"]
[Annotator "NA"]
[PlyCount "65"]
[EventDate "2020.08.07"]
[EventType "swiss"]
[EventCountry "SVK"]
[SourceTitle "playchess.com"]
[Source "ChessBase"]
[SourceQuality "1"]
[TimeControl "40/5400+30:1800+30"]

1. e4 e6 2. d4 d5 3. Nd2 Nf6 4. Bd3 c5 5. e5 Nfd7 6. c3 Nc6 7. Ne2 cxd4 8. cxd4 f6 9. exf6 Nxf6 10. O-O Bd6 11. Nf3 Qc7 12. Ng3 O-O 13. Bg5 h6 {[%emt 0:06:59] C06: French Tarrasch: 3...Nf6 4 e5 Nfd7 5 Bd3 main lines.} 14. Bd2 {[%emt 0:02:51] [#]} Bf4 $146 ({Predecessor:} 14... Bd7 15. Rc1 Qb6 16. Bc3 Bf4 17. Rc2 Rac8 18. Re1 Nb4 19. Bxb4 Qxb4 20. Ree2 Ba4 21. b3 {½-½ (41) De la Paz Perdomo,F (2452)-Garcia Pantoja,R (2411) Havana 2011}) 15. Rc1 Qd6 16. Bb1 Bd7 17. Re1 Rac8 18. a3 Bxd2 19. Qxd2 b6 20. Ne5 Be8 21. Qe3 Bf7 22. Ne2 Rfe8 23. Nf4 g5 $2 (23... Ne7 24. Nxf7 Kxf7) 24. Nxf7 Qxf4 25. Qxf4 gxf4 $18 26. Nd6 Ne7 27. Nxe8 Rxe8 28. Rxe6 Kf7 29. Rce1 Ne4 30. Bxe4 Kxe6 31. Bg6+ Kd7 32. Bxe8+ Kxe8 33. Re6 1-0

[Event "Int SVK-ch Open 2020"]
[Site "Drienica"]
[Date "2020.08.10"]
[Round "4.19"]
[White "Gulas, Gabriel"]
[Black "Recky, Norbert"]
[Result "1/2-1/2"]
[ECO "B23"]
[WhiteElo "1472"]
[BlackElo "1799"]
[Annotator "NA"]
[PlyCount "67"]
[EventDate "2020.08.07"]
[EventType "swiss"]
[EventCountry "SVK"]
[SourceTitle "playchess.com"]
[Source "ChessBase"]
[SourceQuality "1"]
[TimeControl "40/5400+30:1800+30"]

1. e4 c5 2. Nc3 d6 3. f4 Nc6 4. Nf3 g6 5. Bc4 e6 6. d3 Bg7 7. O-O Nge7 8. a3 O-O 9. Qe1 Nd4 10. Nxd4 cxd4 11. Ne2 d5 12. Bb3 b6 13. Ng3 f5 14. e5 Nc6 15. Ba4 Qc7 16. Ne2 Na5 17. Nxd4 Rf7 18. Bd2 Nb7 19. Bc6 a6 20. Bb4 Bf8 21. Rc1 Ra7 22. c4 dxc4 23. Rxc4 Nc5 24. Ba4 b5 25. Bxb5 axb5 26. Nxb5 Qb6 27. Qf2 Qxb5 28. Bxc5 Bxc5 29. Qxc5 Qxc5+ 30. Rxc5 Ba6 31. Rd1 Bb7 32. Rb5 Rd7 33. d4 Ra4 34. Rb6 1/2-1/2

[Event "Int SVK-ch Open 2020"]
[Site "Drienica"]
[Date "2020.08.10"]
[Round "4.20"]
[White "Ivanecka, Natalia"]
[Black "Magda, Juraj"]
[Result "1-0"]
[ECO "B34"]
[WhiteElo "1641"]
[BlackElo "1261"]
[Annotator "NA"]
[PlyCount "69"]
[EventDate "2020.08.07"]
[EventType "swiss"]
[EventCountry "SVK"]
[SourceTitle "playchess.com"]
[Source "ChessBase"]
[SourceQuality "1"]
[TimeControl "40/5400+30:1800+30"]

1. e4 c5 2. Nf3 Nc6 3. d4 cxd4 4. Nxd4 g6 5. Nc3 Bg7 6. Be3 Nf6 7. f3 d6 8. Qd2 O-O 9. g4 d5 10. exd5 Nxd5 11. Nxc6 Bxc3 12. Nxd8 Bxd2+ 13. Bxd2 Rxd8 14. Bd3 Bd7 15. O-O Bc6 16. Rae1 e6 17. Bg5 f6 18. Bd2 Re8 19. Re2 b5 20. c4 bxc4 21. Bxc4 Kg7 22. Kf2 h6 23. Rc1 f5 24. Bxd5 Bxd5 25. Rc7+ Kg8 26. Bxh6 fxg4 27. fxg4 Reb8 28. b3 a6 29. Rg7+ Kh8 30. Rxg6 Kh7 31. Rf6 Rg8 32. Kg3 Rg6 33. Rxg6 Kxg6 34. Bf4 Rb8 35. Bxb8 1-0

[Event "Int SVK-ch Open 2020"]
[Site "Drienica"]
[Date "2020.08.10"]
[Round "4.20"]
[White "Budjac, Martin"]
[Black "Lehocz, Jozsef"]
[Result "0-1"]
[ECO "A52"]
[WhiteElo "1511"]
[BlackElo "1959"]
[Annotator "ChessBase"]
[PlyCount "84"]
[EventDate "2020.08.07"]
[EventType "swiss"]
[EventCountry "SVK"]
[SourceTitle "playchess.com"]
[Source "ChessBase"]
[SourceQuality "1"]
[TimeControl "40/5400+30:1800+30"]

1. d4 Nf6 2. c4 e5 3. dxe5 Ng4 4. Bf4 Nc6 5. Nf3 Bb4+ 6. Nc3 Qe7 7. Rc1 Ngxe5 8. Nxe5 Nxe5 9. a3 Bxc3+ 10. Rxc3 O-O 11. Qd5 d6 12. c5 Qf6 13. Bxe5 dxe5 14. e3 Be6 15. Qf3 Qg6 16. Bd3 f5 17. Qg3 Qf6 18. h4 Bd5 19. O-O Rad8 20. Qg5 Qe6 21. Rfc1 Rf6 22. h5 Rdf8 23. Bc4 h6 24. Qh4 f4 25. e4 Bxc4 26. Rxc4 Rd8 27. Qh3 Qxh3 28. gxh3 Rff8 29. Kg2 Rd2 30. R4c2 Rd4 31. Kf3 Kf7 32. Re1 Kf6 33. Kg4 Rfd8 34. Ree2 Rd1 35. Rc3 Rg1+ 36. Kh4 Rdd1 37. b4 Rg5 38. f3 Rdg1 39. c6 g6 40. hxg6 Kxg6 41. Rg2 R1xg2 42. cxb7 Rh5# 0-1

[Event "Int SVK-ch Open 2020"]
[Site "Drienica"]
[Date "2020.08.10"]
[Round "4.21"]
[White "Hros Roman"]
[Black "Durica, Andrej"]
[Result "1-0"]
[ECO "C25"]
[WhiteElo "2203"]
[BlackElo "1911"]
[Annotator "ChessBase"]
[PlyCount "25"]
[EventDate "2020.08.07"]
[EventType "swiss"]
[EventCountry "SVK"]
[SourceTitle "playchess.com"]
[Source "ChessBase"]
[SourceQuality "1"]
[TimeControl "40/5400+30:1800+30"]

1. e4 e5 2. Nc3 f5 3. exf5 Nf6 4. g4 Bc5 5. g5 O-O 6. gxf6 Qxf6 7. Qf3 c6 8. Ne4 Qe7 9. Bh3 Bb6 10. Ne2 d5 11. f6 gxf6 12. Bxc8 Rxc8 13. Qg4+ 1-0

[Event "Int SVK-ch Open 2020"]
[Site "Drienica"]
[Date "2020.08.10"]
[Round "4.21"]
[White "Kulich, Daniel"]
[Black "Kapolkova, Greta"]
[Result "1-0"]
[ECO "D04"]
[WhiteElo "1492"]
[BlackElo "1545"]
[Annotator "NA"]
[PlyCount "97"]
[EventDate "2020.08.07"]
[EventType "swiss"]
[EventCountry "SVK"]
[SourceTitle "playchess.com"]
[Source "ChessBase"]
[SourceQuality "1"]
[TimeControl "40/5400+30:1800+30"]

1. d4 d5 2. Nf3 Nf6 3. e3 Bf5 4. Bd3 Bg6 5. O-O Nc6 6. a3 e6 7. b3 Bd6 8. Bb2 Ne7 9. Ne5 Bxe5 10. dxe5 Ne4 11. Nc3 Nc5 12. Be2 O-O 13. b4 Nd7 14. Nb5 a6 15. Nd4 c5 16. Nf3 Rc8 17. Nh4 Qc7 18. b5 c4 19. bxa6 bxa6 20. f4 Qb6 21. Bd4 Nc5 22. Nxg6 Nxg6 23. Bxc5 Qxc5 24. Qd4 Ne7 25. g4 g6 26. Rfb1 Qc7 27. Qb6 Qc6 28. c3 Qc5 29. Kf2 Rc6 30. Qxc5 Rxc5 31. Rb6 a5 32. Rab1 Rfc8 33. Bd1 Kf8 34. Ba4 h6 35. h4 h5 36. gxh5 gxh5 37. Bc2 R5c6 38. R6b5 Ra6 39. Rg1 d4 40. cxd4 Nd5 41. Rg5 f5 42. exf6 Nxf6 43. Rxa5 Rb6 44. Rab5 Rbc6 45. Rgc5 c3 46. Ke2 Nd5 47. Kd3 Ke7 48. Bb3 Rxc5 49. Rxc5 1-0

[Event "Int SVK-ch Open 2020"]
[Site "Drienica"]
[Date "2020.08.10"]
[Round "4.22"]
[White "Stanko Ivan"]
[Black "Demeter Peter"]
[Result "1/2-1/2"]
[ECO "B22"]
[WhiteElo "1848"]
[BlackElo "2139"]
[Annotator "ChessBase"]
[PlyCount "48"]
[EventDate "2020.08.07"]
[EventType "swiss"]
[EventCountry "SVK"]
[SourceTitle "playchess.com"]
[Source "ChessBase"]
[SourceQuality "1"]
[TimeControl "40/5400+30:1800+30"]

1. e4 c5 2. c3 d5 3. exd5 Qxd5 4. Nf3 Nc6 5. d4 Bg4 6. Be2 cxd4 7. cxd4 e6 8. Nc3 Qa5 9. O-O Nf6 10. h3 Bf5 11. a3 Be7 12. Bf4 Nd5 13. Bd2 O-O 14. b4 Qd8 15. b5 Nb8 16. Ne5 Nxc3 17. Bxc3 Nd7 18. Bf3 Nxe5 19. dxe5 Rc8 20. Bb4 Bxb4 21. axb4 Qb6 22. Qd7 Rc7 23. Qd6 Rc4 24. Rfd1 h6 1/2-1/2

[Event "Int SVK-ch Open 2020"]
[Site "Drienica"]
[Date "2020.08.10"]
[Round "4.24"]
[White "Holicky Miroslav"]
[Black "Djubek, Boris"]
[Result "1/2-1/2"]
[ECO "C47"]
[WhiteElo "1805"]
[BlackElo "2024"]
[Annotator "RC"]
[PlyCount "67"]
[EventDate "2020.08.07"]
[EventType "swiss"]
[EventCountry "SVK"]
[SourceTitle "playchess.com"]
[Source "ChessBase"]
[SourceQuality "1"]
[TimeControl "40/5400+30:1800+30"]

1. e4 e5 2. Nf3 Nc6 3. d4 exd4 4. Nxd4 Nf6 5. Nc3 Bb4 6. Nxc6 bxc6 7. Bd3 d6 8. Bg5 h6 9. Bh4 g5 10. Bg3 Bg4 11. f3 Be6 12. Bf2 Ba5 13. O-O Bb6 14. Na4 Bxf2+ 15. Rxf2 Rg8 16. g3 Qd7 17. c3 Kf8 18. Bc2 Qe7 19. Qd2 Nh5 20. Kh1 Rg7 21. Qe3 Bd7 22. Re1 c5 23. c4 Re8 24. Nc3 Nf6 25. Rfe2 Bc6 26. Nd5 Nxd5 27. exd5 Qxe3 28. Rxe3 Bd7 29. Rxe8+ Bxe8 30. Bf5 h5 31. Kg2 f6 32. Kf2 Re7 33. Rxe7 Kxe7 34. g4 1/2-1/2

[Event "Int SVK-ch Open 2020"]
[Site "Drienica"]
[Date "2020.08.10"]
[Round "4.25"]
[White "Bednar, Jan"]
[Black "Bujna Martin"]
[Result "1-0"]
[ECO "C42"]
[WhiteElo "2018"]
[BlackElo "1841"]
[Annotator "RC"]
[PlyCount "119"]
[EventDate "2020.08.07"]
[EventType "swiss"]
[EventCountry "SVK"]
[SourceTitle "playchess.com"]
[Source "ChessBase"]
[SourceQuality "1"]
[TimeControl "40/5400+30:1800+30"]

1. e4 e5 2. Nf3 Nf6 3. Nxe5 d6 4. Nf3 Nxe4 5. d4 d5 6. Bd3 Be7 7. O-O O-O 8. Re1 Bf5 9. Nbd2 Nxd2 10. Bxf5 Nxf3+ 11. Qxf3 g6 12. Bd3 Nc6 13. c3 Re8 14. Bf4 Qd7 15. h3 Nd8 16. Re2 Ne6 17. Be5 c6 18. Rae1 Bd6 19. Bf6 Nf4 20. Rxe8+ Rxe8 21. Rxe8+ Qxe8 22. Bf1 Qe6 23. Bh4 Nh5 24. Bg5 Be7 25. Be3 Qe4 26. Qd1 Qe6 27. Qb3 b6 28. a4 Ng3 29. Bd3 Nf5 30. Bd2 Bd8 31. Qc2 Ng7 32. b3 Bc7 33. Qd1 Qd6 34. g3 Qe6 35. Kg2 Qf6 36. Qg4 Ne6 37. h4 h5 38. Qe2 Bd8 39. Qe3 a5 40. Ba6 c5 41. Bb7 cxd4 42. cxd4 Qxd4 43. Qxd4 Nxd4 44. Bxd5 Ne6 45. Bxe6 fxe6 46. Kf3 Kf7 47. Ke4 Bc7 48. Kd3 e5 49. Kc4 Ke6 50. Be3 Kf5 51. Kd5 e4 52. Bg5 Bb8 53. Bd8 Ba7 54. Bc7 b5 55. axb5 Bxf2 56. b6 e3 57. b7 e2 58. b8=Q e1=Q 59. Qc8+ Kf6 60. Qf8# 1-0

[Event "Int SVK-ch Open 2020"]
[Site "Drienica"]
[Date "2020.08.10"]
[Round "4.25"]
[White "Kulich, Filip"]
[Black "Magdova, Lucia"]
[Result "1-0"]
[ECO "C57"]
[WhiteElo "1397"]
[BlackElo "1046"]
[Annotator "NA"]
[PlyCount "41"]
[EventDate "2020.08.07"]
[EventType "swiss"]
[EventCountry "SVK"]
[SourceTitle "playchess.com"]
[Source "ChessBase"]
[SourceQuality "1"]
[TimeControl "40/5400+30:1800+30"]

1. e4 e5 2. Nf3 Nc6 3. Bc4 Nf6 4. Ng5 Qe7 5. Nxf7 Rg8 6. Ng5 Rh8 7. Nc3 d6 8. Bf7+ Kd8 9. Bc4 Bg4 10. f3 Bh5 11. d3 h6 12. Ne6+ Ke8 13. Nd5 Qd7 14. Nexc7+ Kd8 15. Nxa8 Qc8 16. Nac7 Be7 17. Nxe7 Qxc7 18. Nxc6+ Qxc6 19. Be3 g5 20. Qd2 Rg8 21. Bxg8 1-0

[Event "Int SVK-ch Open 2020"]
[Site "Drienica"]
[Date "2020.08.10"]
[Round "4.26"]
[White "Sosovickova, Martina"]
[Black "Sevcik, Ondrej"]
[Result "1-0"]
[ECO "C10"]
[WhiteElo "1362"]
[BlackElo "1017"]
[Annotator "NA"]
[PlyCount "35"]
[EventDate "2020.08.07"]
[EventType "swiss"]
[EventCountry "SVK"]
[SourceTitle "playchess.com"]
[Source "ChessBase"]
[SourceQuality "1"]
[TimeControl "40/5400+30:1800+30"]

1. e4 e6 2. d4 d5 3. Nc3 c5 4. Nf3 Be7 5. exd5 exd5 6. dxc5 Bxc5 7. Qxd5 Qb6 8. Bb5+ Bd7 9. Bxd7+ Nxd7 10. O-O Ngf6 11. Qb3 Qc7 12. Re1+ Be7 13. Bg5 h6 14. Bh4 Nc5 15. Qb5+ Ncd7 16. Bxf6 gxf6 17. Nd5 Qd6 18. Nxe7 1-0

[Event "Int SVK-ch Open 2020"]
[Site "Drienica"]
[Date "2020.08.13"]
[Round "5.1"]
[White "Czebe Attila"]
[Black "Bures Jaroslav"]
[Result "1/2-1/2"]
[ECO "A07"]
[WhiteElo "2378"]
[BlackElo "2396"]
[Annotator "ChessBase"]
[PlyCount "66"]
[EventDate "2020.08.07"]
[EventType "swiss"]
[EventCountry "SVK"]
[TimeControl "40/5400+30:1800+30"]

1. Nf3 d5 2. b3 Bf5 3. Bb2 e6 4. g3 Nd7 5. Bg2 Ngf6 6. O-O Be7 7. d3 O-O 8. Nbd2 h6 9. Re1 Nc5 10. Ne5 c6 11. e4 dxe4 12. dxe4 Bh7 13. Qe2 Qc7 14. Nd3 Rad8 15. Nxc5 Bxc5 16. Nc4 b5 17. e5 Nd5 18. Nd6 b4 19. Nc4 Nc3 20. Bxc3 bxc3 21. Rad1 Rxd1 22. Rxd1 f6 23. b4 Bxb4 24. exf6 Rxf6 25. f4 Bf5 26. Be4 Qe7 27. Kg2 g5 28. fxg5 hxg5 29. Ne5 Qc7 30. Ng4 Rg6 31. Rf1 Qa5 32. Qf3 Be7 33. Ra1 Qb5 1/2-1/2

[Event "Int SVK-ch Open 2020"]
[Site "Drienica"]
[Date "2020.08.11"]
[Round "5.1"]
[White "Sevcikova, Lucia"]
[Black "Holicky, Miroslav"]
[Result "1-0"]
[ECO "B01"]
[WhiteElo "2017"]
[BlackElo "1793"]
[Annotator "ChessBase"]
[PlyCount "69"]
[EventDate "2020.08.07"]
[EventType "swiss"]
[EventCountry "SVK"]
[SourceTitle "playchess.com"]
[Source "ChessBase"]
[SourceQuality "1"]
[TimeControl "40/5400+30:1800+30"]

1. e4 d5 2. exd5 Nf6 3. d4 Bg4 4. f3 Bf5 5. Bb5+ Nbd7 6. c4 e6 7. dxe6 Bxe6 8. d5 Bf5 9. Nc3 Bb4 10. g4 Nxg4 11. fxg4 Qh4+ 12. Kf1 Bxg4 13. Qe1+ Qxe1+ 14. Kxe1 O-O-O 15. Bxd7+ Rxd7 16. Kf2 Re8 17. Bd2 Bc5+ 18. Kg3 f5 19. h3 Bh5 20. Nf3 g5 21. Rae1 Rg8 22. Ne5 f4+ 23. Kh2 Rdg7 24. Ng4 Bxg4 25. hxg4 Bf2 26. Re6 f3 27. Rf1 Bh4 28. Rxf3 h5 29. gxh5 g4 30. Rf5 Bf2 31. Kg2 g3 32. Ne4 Rg4 33. Nf6 Rh4 34. Nxg8 Rh2+ 35. Kf3 1-0

[Event "Int SVK-ch Open 2020"]
[Site "Drienica"]
[Date "2020.08.11"]
[Round "5.2"]
[White "Bombek Peter"]
[Black "Manik Mikulas"]
[Result "1/2-1/2"]
[ECO "A49"]
[WhiteElo "2165"]
[BlackElo "2366"]
[Annotator "ChessBase"]
[PlyCount "26"]
[EventDate "2020.08.07"]
[EventType "swiss"]
[EventCountry "SVK"]
[SourceTitle "playchess.com"]
[Source "ChessBase"]
[SourceQuality "1"]
[TimeControl "40/5400+30:1800+30"]

1. d4 Nf6 2. Nf3 g6 3. g3 Bg7 4. Bg2 O-O 5. O-O d6 6. a4 c6 7. b3 a5 8. Bb2 d5 9. Nbd2 Bf5 10. Ne5 Qc8 11. Rc1 Bh3 12. Ba3 Re8 13. c4 Na6 1/2-1/2

[Event "Int SVK-ch Open 2020"]
[Site "Drienica"]
[Date "2020.08.11"]
[Round "5.2"]
[White "Tomanek, Rafael"]
[Black "Kucera, Michal"]
[Result "1-0"]
[ECO "E18"]
[WhiteElo "1821"]
[BlackElo "2007"]
[Annotator "ChessBase"]
[PlyCount "83"]
[EventDate "2020.08.07"]
[EventType "swiss"]
[EventCountry "SVK"]
[SourceTitle "playchess.com"]
[Source "ChessBase"]
[SourceQuality "1"]
[TimeControl "40/5400+30:1800+30"]

1. d4 Nf6 2. Nf3 b6 3. g3 Bb7 4. Bg2 e6 5. O-O Be7 6. c4 O-O 7. Nc3 Ne4 8. Nxe4 Bxe4 9. Nh4 Bxg2 10. Nxg2 d6 11. Bd2 Nd7 12. e4 c5 13. d5 exd5 14. exd5 Bf6 15. Qc2 Re8 16. Bc3 Bxc3 17. Qxc3 Qf6 18. Qxf6 Nxf6 19. Rfe1 Kf8 20. Rxe8+ Rxe8 21. Re1 Rxe1+ 22. Nxe1 Ke7 23. f3 b5 24. Nc2 bxc4 25. Ne3 g6 26. Kf2 Nd7 27. Nxc4 Nb6 28. Nxb6 axb6 29. a4 Kf6 30. f4 Ke7 31. Ke3 h5 32. Kd3 b5 33. axb5 Kd7 34. Kc4 Kc7 35. b4 cxb4 36. Kxb4 Kb6 37. Ka4 Kb7 38. Ka5 Ka7 39. b6+ Kb8 40. Ka6 Ka8 41. b7+ Kb8 42. Kb6 1-0

[Event "Int SVK-ch Open 2020"]
[Site "Drienica"]
[Date "2020.08.13"]
[Round "5.3"]
[White "Istona Martin"]
[Black "Macko Michal"]
[Result "1/2-1/2"]
[ECO "C02"]
[WhiteElo "2267"]
[BlackElo "2142"]
[Annotator "ChessBase"]
[PlyCount "53"]
[EventDate "2020.08.07"]
[EventType "swiss"]
[EventCountry "SVK"]
[TimeControl "40/5400+30:1800+30"]

1. e4 e6 2. d4 d5 3. e5 c5 4. c3 Nc6 5. Nf3 Bd7 6. Be2 Nge7 7. O-O Ng6 8. g3 Be7 9. h4 O-O 10. h5 Nh8 11. dxc5 Bxc5 12. c4 dxc4 13. Bxc4 Qc7 14. Bf4 b5 15. Bd3 Nb4 16. Be4 Bc6 17. Ng5 g6 18. Qg4 Bxe4 19. Nxe4 Be7 20. Nf6+ Bxf6 21. exf6 Qc5 22. Be3 Qc4 23. Qg5 Nd5 24. Nc3 h6 25. Qe5 Nxc3 26. bxc3 Qg4 27. Rad1 1/2-1/2

[Event "Int SVK-ch Open 2020"]
[Site "Drienica"]
[Date "2020.08.13"]
[Round "5.4"]
[White "Mrvova Alena"]
[Black "Majek, Kacper"]
[Result "0-1"]
[ECO "C77"]
[WhiteElo "2188"]
[BlackElo "1970"]
[Annotator "ChessBase"]
[PlyCount "114"]
[EventDate "2020.08.07"]
[EventType "swiss"]
[EventCountry "SVK"]
[TimeControl "40/5400+30:1800+30"]

1. e4 e5 2. Nf3 Nc6 3. Bb5 a6 4. Ba4 Nf6 5. Qe2 Bc5 6. c3 b5 7. Bc2 O-O 8. O-O d5 9. d4 exd4 10. Bg5 dxe4 11. Bxe4 Qd6 12. cxd4 Nxe4 13. Qxe4 f5 14. dxc5 fxe4 15. cxd6 exf3 16. dxc7 Ra7 17. Nd2 fxg2 18. Kxg2 Rxc7 19. Rac1 Bb7 20. Ne4 Nd4 21. Rxc7 Bxe4+ 22. f3 Nxf3 23. Kg3 Nxg5 24. Rxf8+ Kxf8 25. Rc8+ Kf7 26. Kf4 Kg6 27. h4 Bf5 28. Rc6+ Ne6+ 29. Ke5 Kh5 30. Rxa6 Bh3 31. Rb6 Kxh4 32. Rxb5 g5 33. Rb6 Nf8 34. Ke4 g4 35. Ke3 Kg3 36. Rf6 Ng6 37. a4 Kh2 38. Rf2+ Kh1 39. Rc2 g3 40. Rc1+ Kh2 41. a5 g2 42. b4 g1=Q+ 43. Rxg1 Kxg1 44. b5 Bf1 45. b6 Ba6 46. Kd4 h5 47. Kc5 h4 48. Kc6 h3 49. b7 Bxb7+ 50. Kxb7 h2 51. a6 h1=Q+ 52. Kb8 Qh8+ 53. Kb7 Qg7+ 54. Kb8 Qf8+ 55. Kb7 Qe7+ 56. Kb8 Qd8+ 57. Kb7 Ne7 0-1

[Event "Int SVK-ch Open 2020"]
[Site "Drienica"]
[Date "2020.08.11"]
[Round "5.4"]
[White "Skovran, Jaroslav"]
[Black "Budjac, Martin"]
[Result "1-0"]
[ECO "C44"]
[WhiteElo "1975"]
[BlackElo "1657"]
[Annotator "ChessBase"]
[PlyCount "115"]
[EventDate "2020.08.07"]
[EventType "swiss"]
[EventCountry "SVK"]
[SourceTitle "playchess.com"]
[Source "ChessBase"]
[SourceQuality "1"]
[TimeControl "40/5400+30:1800+30"]

1. e4 e5 2. Nf3 Nc6 3. d4 exd4 4. Nxd4 Bb4+ 5. c3 Bc5 6. Bc4 Nge7 7. Bxf7+ Kxf7 8. Qh5+ Kf8 9. Qxc5 d6 10. Qh5 Qe8 11. Qe2 Qg6 12. O-O Nxd4 13. cxd4 Nc6 14. Rd1 h5 15. Nc3 h4 16. Be3 Bd7 17. Rd2 h3 18. g3 Kg8 19. f3 Rf8 20. Rf1 Rh5 21. Nd5 Rxd5 22. exd5 Ne7 23. Qc4 Nf5 24. Qd3 Bb5 25. Qxb5 Nxe3 26. Qd3 Qxd3 27. Rxd3 Nxf1 28. Kxf1 Kf7 29. Re3 Kg6 30. g4 Kg5 31. Kf2 Rf4 32. Re7 Rxd4 33. Rxg7+ Kf4 34. Rf7+ Kg5 35. Rxc7 Rd2+ 36. Kg3 Rxb2 37. f4+ Kf6 38. Rd7 Rxa2 39. Rxd6+ Ke7 40. Re6+ Kf7 41. Kxh3 b5 42. Rc6 b4 43. Kh4 b3 44. Kg5 b2 45. Rc7+ Kf8 46. Rb7 Ra5 47. Rxb2 Rxd5+ 48. f5 a5 49. Rb8+ Kf7 50. Rb7+ Kf8 51. Ra7 Rd2 52. Rxa5 Rxh2 53. Kg6 Rg2 54. Kf6 Kg8 55. g5 Rb2 56. Ra8+ Kh7 57. g6+ Kh6 58. Rh8# 1-0

[Event "Int SVK-ch Open 2020"]
[Site "Drienica"]
[Date "2020.08.11"]
[Round "5.5"]
[White "Panko, Eduard st."]
[Black "Furman, Maximilian Jan"]
[Result "1-0"]
[ECO "B30"]
[WhiteElo "1958"]
[BlackElo "1610"]
[Annotator "ChessBase"]
[PlyCount "57"]
[EventDate "2020.08.07"]
[EventType "swiss"]
[EventCountry "SVK"]
[SourceTitle "playchess.com"]
[Source "ChessBase"]
[SourceQuality "1"]
[TimeControl "40/5400+30:1800+30"]

1. d3 c5 2. Nf3 g6 3. e4 Bg7 4. c3 Nc6 5. Be2 d6 6. Nbd2 Nf6 7. h3 Bd7 8. Nc4 O-O 9. Ne3 h6 10. g4 b5 11. Qc2 Qc8 12. Bd2 Rb8 13. g5 hxg5 14. Nxg5 e5 15. h4 Ne7 16. h5 gxh5 17. Bxh5 Nxh5 18. Rxh5 Bg4 19. Rh4 Be6 20. O-O-O b4 21. c4 b3 22. axb3 Qb7 23. Rg1 Bd7 24. Nh7 Ng6 25. Rh2 Rfe8 26. Nd5 Re6 27. Bg5 a5 28. Nhf6+ Kf8 29. Bh6 1-0

[Event "Int SVK-ch Open 2020"]
[Site "Drienica"]
[Date "2020.08.13"]
[Round "5.6"]
[White "Juhar Roman"]
[Black "Konyves, Almos"]
[Result "1-0"]
[ECO "A02"]
[WhiteElo "2225"]
[BlackElo "2076"]
[Annotator "ChessBase"]
[PlyCount "69"]
[EventDate "2020.08.07"]
[EventType "swiss"]
[EventCountry "SVK"]
[TimeControl "40/5400+30:1800+30"]

1. f4 Nf6 2. b3 c5 3. Bb2 e6 4. Nf3 Nc6 5. e3 b6 6. Bb5 Bb7 7. O-O d6 8. d3 a6 9. Bxc6+ Bxc6 10. Nbd2 Qc7 11. e4 d5 12. Qe2 d4 13. Nc4 Nd7 14. Nce5 Nxe5 15. Nxe5 Bb7 16. Qg4 Bc8 17. c3 f6 18. Qh5+ g6 19. Nxg6 Qf7 20. f5 e5 21. Qh4 Rg8 22. Nxf8 Kxf8 23. cxd4 exd4 24. b4 Qg7 25. Rf2 Bd7 26. bxc5 bxc5 27. Rc1 Rc8 28. Rxc5 Rxc5 29. Ba3 Bb5 30. Bxc5+ Ke8 31. Bxd4 Bxd3 32. Qf4 Qb7 33. Rb2 Qc6 34. Qb8+ Kd7 35. Rb7+ 1-0

[Event "Int SVK-ch Open 2020"]
[Site "Drienica"]
[Date "2020.08.11"]
[Round "5.7"]
[White "Harvan, Tomas"]
[Black "Belis, Rudolf"]
[Result "0-1"]
[ECO "B00"]
[WhiteElo "1788"]
[BlackElo "1924"]
[Annotator "ChessBase"]
[PlyCount "104"]
[EventDate "2020.08.07"]
[EventType "swiss"]
[EventCountry "SVK"]
[SourceTitle "playchess.com"]
[Source "ChessBase"]
[SourceQuality "1"]
[TimeControl "40/5400+30:1800+30"]

1. e4 d6 2. Nf3 Nf6 3. Nc3 Nbd7 4. d4 e5 5. Bc4 Be7 6. O-O c6 7. Bb3 h6 8. h3 Qc7 9. Be3 g5 10. Nh2 Nf8 11. Qf3 Ng6 12. Rad1 Nf4 13. Kh1 h5 14. Bxf4 gxf4 15. dxe5 dxe5 16. Qe2 Rh7 17. Nf3 Nd7 18. a3 Nc5 19. Ba2 Ne6 20. Rd2 Bd7 21. Rfd1 O-O-O 22. b4 Bf6 23. Rd6 Rh6 24. R6d2 a6 25. Na4 Rhh8 26. Bxe6 Bxe6 27. Nc5 Rxd2 28. Rxd2 Rd8 29. Rxd8+ Qxd8 30. Nxe6 fxe6 31. Qd3 Qxd3 32. cxd3 Kc7 33. g4 fxg3 34. fxg3 Kb6 35. a4 a5 36. g4 hxg4 37. hxg4 axb4 38. g5 Be7 39. Nxe5 Bxg5 40. Nd7+ Ka5 41. Nc5 Be7 42. Nxe6 b3 43. Nd4 Kb4 44. Nxb3 Kxb3 45. d4 Bd6 46. a5 Kc4 47. d5 c5 48. Kg2 Kd3 49. Kf3 c4 50. e5 Bxe5 51. Kg4 c3 52. Kf5 Bc7 0-1